 Dungeon Crawl Stone Soup version bcrawl-1.37.2 (webtiles) character file.

Game seed: 13631344575741079147

351729 KristoblXynda the Carver (level 10, -9/93 HPs)
             Began as a Grey Draconian Monk on Nov 27, 2022.
             Was a High Priest of Okawaru.
             Mangled by a slime creature (12 damage)
             ... on level 10 of the Dungeon on Jan 8, 2023.
             The game lasted 00:14:50 (8898 turns).

KristoblXynda the Carver (Grey Draconian Monk)      Turns: 8898, Time: 00:14:51

Health: -9/93      AC: 21    Str: 18    XL:     10   Next: 96%
Magic:  11/11      EV: 16    Int:  6    God:    Okawaru [*****.]
Gold:   764        SH: 10    Dex: 15    Spells: 9/9 levels left

rFire    . . .     GDR:     27% F - +1 long sword
rCold    . . .     SeeInvis .   D - +0 buckler
rNeg     . . .     Gourm    .   (armour unavailable)
rPois    .         Faith    .   b - +1 hat
rElec    +         Spirit   .   H - scarf {repulsion}
rCorr    +         Reflect  .   i - +5 pair of gloves of Bakos {rElec rCorr Int-5}
MR       .....                  w - +1 pair of boots
Stlth    ++........             G - amulet of regeneration
HPRegen  0.58/turn              n - ring of wizardry
MPRegen  0.12/turn              t - +3 ring of strength

@: studying Shields, repel missiles
A: walk through water, unfitting armour, unbreathing, cold-blooded, AC +12
a: Heroism, Finesse, Renounce Religion


You were on level 10 of the Dungeon.
You worshipped Okawaru.
Okawaru was extremely pleased with you.
You were hungry.

You visited 2 branches of the dungeon, and saw 11 of its levels.
You also visited: Bailey.

You collected 988 gold pieces.
You spent 224 gold pieces at shops.

Inventory:

Hand Weapons
 F - a +1 long sword (weapon)
Armour
 b - a +1 hat (worn)
 i - the +5 pair of gloves of Bakos (worn) {rElec rCorr Int-5}
   (You found it on level 8 of the Dungeon)

   It affects your intelligence (-5).
   It insulates you from electricity.
   It provides partial protection from all sources of acid and corrosion.
 w - a +1 pair of boots (worn)
 x - a +1 cloak of magic resistance
 D - a +0 buckler (worn)
 H - a scarf of repulsion (worn)
Jewellery
 n - a ring of wizardry (left hand)
 t - a +3 ring of strength (right hand)
 v - an uncursed ring of resist corrosion
 G - an amulet of regeneration (around neck)
Wands
 j - a wand of acid (7)
 C - a wand of digging (4)
Scrolls
 a - a scroll of blinking {unknown}
 d - 5 scrolls of remove curse
 h - 3 scrolls of magic mapping
 l - 7 scrolls of teleportation
 o - 3 scrolls of enchant weapon
 r - 4 scrolls of amnesia
 B - a scroll of enchant armour
Potions
 f - 4 potions of flight
 g - a potion of haste {unknown}
 k - 4 potions of mutation
 p - 2 potions of resistance {unknown}
 q - 3 potions of brilliance
 s - a potion of ambrosia
 u - a potion of lignification {unknown}
 z - a potion of might
 E - a potion of curing
Comestibles
 c - 3 chunks of flesh
 e - 7 rations {!d}


   Skills:
 + Level 9.9 Fighting
 + Level 11.0 Long Blades
 + Level 8.3 Dodging
 - Level 2.0 Stealth
 + Level 7.5 Shields
 - Level 2.1 Invocations


You had 9 spell levels left.
You didn't know any spells.
Your spell library was empty.

Dungeon Overview and Level Annotations

Branches:
Dungeon (10/12)            Temple (1/1) D:4            Lair (0/6) D:9
    Orc: D:8-11

Altars:
Ashenzari
Cheibriados
Dithmenos
Elyvilon
Fedhas
Gozag
Hepliaklqana
Kikubaaqudgha
Lugonu
Makhleb
Nemelex Xobeh
Okawaru
Qazlal
Ru
Sif Muna
Trog
Uskayaw
Vehumet
Wu Jian
Xom
Yredelemnul
Zin
The Shining One

Shops:
D:5 [

Annotations:
D:8 2 transporters, yrara's ghost, novice DsFi


Innate Abilities, Weirdness & Mutations

You can walk through water.
Your dull iron-grey scales are very hard. (AC +12)
You cannot fit into any form of body armour.
You can survive without breathing.
You are cold-blooded and may be slowed by cold attacks.


Message History

A large slime creature splits.
The slime creature barely misses you.
You are feeling hungry.
You hit the slime creature.
The slime creature is almost dead.
The slime creature misses you. You block the slime creature's attack.
You barely miss the slime creature.
The slime creature is almost dead.
You block the slime creature's attack.
The slime creature hits you but does no damage.
The slime creature hits you!
* * * LOW HITPOINT WARNING * * *
You slash the slime creature!
You kill the slime creature!
Okawaru accepts your kill.
Your shield prevents you from hitting the slime creature.
The slime creature is severely wounded.
The slime creature hits you!
* * * LOW HITPOINT WARNING * * *
The slime creature hits you!
You die...

#....#
#....########
#...........#
#...........#
######......+
#...........#
#...........#
#.....JJ....#
######@.....#
#....#......#
#....'......#
#....#......#
######......#
#....#......#
#....#....>.#
#....#......#
#....'......#


You could see 2 slime creatures.

Vanquished Creatures
  A two-headed ogre (D:9)
  An ugly thing (D:9)
  A manticore (D:8)
  An elephant (D:9)
  A tengu conjurer (D:8)
  A harpy zombie (D:9)
  A troll (D:8)
  A hippogriff (D:9)
  2 slime creatures (D:10)
  Sigmund (D:6)
  A wyvern (D:9)
  3 yaks (D:9)
  A hungry ghost (D:9)
  2 crocodiles (D:9)
  An orc warrior (D:8)
  3 ice beasts
  Duvessa (D:5)
  3 sky beasts
  7 ogres
  2 kobold brigands
  5 bullfrogs
  Dowan (D:5)
  4 centaurs
  6 scorpions
  4 wights (D:8)
  An orc priest (D:8)
  2 crimson imps
  A bullfrog zombie (D:6)
  3 hounds
  4 jellies
  4 orc wizards
  A bullfrog skeleton (D:4)
  4 iguanas
  6 worker ants
  2 hound skeletons
  2 worker ant zombies (D:9)
  6 adders
  An adder skeleton (D:4)
  2 adder zombies
  4 worms
  A dart slug (D:2)
  2 leopard geckos (D:2)
  18 orcs
  6 giant cockroaches
  5 goblins
  6 hobgoblins
  6 jackals
  18 kobolds
  3 quokkas
  4 bats
  5 frilled lizards
  7 rats
179 creatures vanquished.

Notes
Turn   | Place    | Note
-------+----------+-------------------------------------------
     0 | D:1      | KristoblXynda the Draconian Monk began the quest for the
                  | Orb.
     0 | D:1      | Reached XP level 1. HP: 19/19 MP: 2/2
    93 | D:1      | Reached XP level 2. HP: 26/26 MP: 3/3
   647 | D:2      | Reached XP level 3. HP: 32/33 MP: 4/4
  1769 | D:3      | Found a glowing silver altar of Zin.
  1800 | D:3      | Reached XP level 4. HP: 39/40 MP: 5/5
  2295 | D:4      | Reached skill level 4 in Long Blades
  2368 | D:4      | Reached XP level 5. HP: 4/47 MP: 2/6
  2581 | D:4      | Reached skill level 5 in Long Blades
  2729 | D:4      | Reached XP level 6. HP: 37/53 MP: 7/7
  2800 | D:4      | Found a staircase to the Ecumenical Temple.
  2808 | Temple   | Entered the Ecumenical Temple
  2874 | Temple   | Became a worshipper of Warmaster Okawaru
  2874 | Temple   | Reached * piety under Okawaru
  2874 | Temple   | Reached ** piety under Okawaru
  3161 | D:5      | Entered Level 5 of the Dungeon
  3178 | D:5      | Reached skill level 5 in Fighting
  3389 | D:5      | Noticed Duvessa
  3501 | D:5      | Found Oxeiph's Armour Boutique.
  3504 | D:5      | Bought a +0 pair of gloves for 63 gold pieces
  3504 | D:5      | Bought a +0 cloak of magic resistance for 161 gold pieces
  3719 | D:5      | Your scales start taking on a dull iron-grey colour.
  3719 | D:5      | Reached XP level 7. HP: 61/61 MP: 8/8
  3719 | D:5      | Gained mutation: You can survive without breathing. [Grey
                  | Draconian growth]
  3730 | D:5      | Noticed Dowan
  3746 | D:5      | Killed Duvessa
  3747 | D:5      | Reached skill level 6 in Long Blades
  3754 | D:5      | Killed Dowan
  3991 | D:6      | Reached *** piety under Okawaru
  4110 | D:6      | Reached skill level 7 in Long Blades
  4155 | D:6      | Noticed Sigmund
  4176 | D:6      | Killed Sigmund
  4177 | D:6      | Reached skill level 5 in Dodging
  4177 | D:6      | Reached XP level 8. HP: 46/70 MP: 7/9
  4409 | D:6      | Reached **** piety under Okawaru
  4448 | D:6      | Reached skill level 8 in Long Blades
  5985 | D:7      | Reached XP level 9. HP: 79/79 MP: 10/10
  6174 | D:8      | Found a flagged portal.
  6207 | Bailey   | Entered a bailey
  6260 | D:8      | Reached skill level 9 in Long Blades
  6405 | D:8      | Noticed a tengu conjurer
  6437 | D:8      | Noticed a manticore
  6439 | D:8      | Noticed a troll
  6511 | D:8      | Killed a troll
  6525 | D:8      | Killed a tengu conjurer
  6525 | D:8      | Reached ***** piety under Okawaru
  6847 | D:8      | Got a pair of polished gloves
  6862 | D:8      | Identified the +5 pair of gloves of Bakos {rElec rCorr
                  | Int-5} (You found it on level 8 of the Dungeon)
  6883 | D:8      | Killed a manticore
  6994 | D:8      | Reached skill level 10 in Long Blades
  7377 | D:8      | Found a transporter.
  7380 | D:8      | Noticed a moth of wrath
  7381 | D:8      | Noticed yrara's ghost (novice DsFi)
  7382 | D:8      | Found a bloodstained altar of Trog.
  7383 | D:8      | Found a transporter.
  7673 | D:9      | Reached XP level 10. HP: 87/90 MP: 11/11
  7781 | D:9      | Found a shadowy altar of Dithmenos.
  7810 | D:9      | Noticed a red ugly thing
  7834 | D:9      | Killed a red ugly thing
  7834 | D:9      | Received a gift from Okawaru
  7857 | D:9      | Reached skill level 5 in Shields
  8059 | D:9      | Noticed an elephant
  8098 | D:9      | Killed an elephant
  8150 | D:9      | Noticed a two-headed ogre
  8167 | D:9      | Killed a two-headed ogre
  8401 | D:9      | Found a staircase to the Lair.
  8762 | D:10     | Entered Level 10 of the Dungeon
  8806 | D:10     | Reached skill level 11 in Long Blades
  8898 | D:10     | HP: 3/93 [slime creature (11)]
  8898 | D:10     | Mangled by a slime creature

Skill      XL: |  1  2  3  4  5  6  7  8  9 10 |
---------------+-------------------------------+-----
Dodging        | 3 4 5 6 7 8 |  8.3
Fighting       | 4 5 6 7 8 9 |  9.9
Long Blades    | 4 5 7 8 10 11 | 11.0
Shields        | 4 7 |  7.5
Stealth        | |  2.0
Invocations    | |  2.1

Action                   |  1- 3 |  4- 6 |  7- 9 | 10-12 || total
-------------------------+-------+-------+-------+-------++-------
Melee: Falchion          |   135 |   129 |   569 |    18 ||   851
       Tailslap          |    14 |    28 |   108 |    53 ||   203
       Long sword        |       |       |       |   233 ||   233
Invok: Heroism           |       |       |     2 |       ||     2
Evoke: Wand              |       |       |       |     3 ||     3
  Use: Scroll            |       |     5 |     7 |     8 ||    20
       Potion            |       |     1 |     4 |       ||     5
 Stab: Sleeping          |     4 |     1 |     5 |     1 ||    11
       Distracted        |       |       |     1 |       ||     1
  Eat: Chunk             |     6 |     5 |    13 |    10 ||    34
       Ration            |       |     1 |     3 |     1 ||     5
Armor: Skin              |    18 |    43 |   211 |    73 ||   345
Dodge: Dodged            |    70 |    99 |   387 |   122 ||   678
Block: Other             |     2 |       |    29 |       ||    31
       Buckler           |       |       |    83 |   113 ||   196
